[ AOE2 MATCH · #505086324 ]
UnrankedDravidians vs Bulgarians
[ REPLAY ANALYSIS · EXTRACTED FROM THE RECORDED GAME ]
Feudal
9:17
Castle
27:42
Imperial
76:27
| APM avg | 58.9 |
| APM peak | 101 |
| eAPM avg | 35.6 |
| Villagers / military | 290 / 435 |
Focus
⚔️ 42.0% · 🌾 58.0%
Spearman ×271 · Skirmisher ×88 · Militia ×48 · Archer ×13 · Elephant Archer ×11 · Battle Elephant ×4
Feudal
9:20
Castle
22:23
Imperial
48:10
| APM avg | 51.6 |
| APM peak | 130 |
| eAPM avg | 29.1 |
| Villagers / military | 296 / 384 |
Focus
⚔️ 46.6% · 🌾 53.4%
Scout Cavalry ×156 · Cavalry Archer ×75 · Knight ×67 · Battering Ram ×31 · Militia ×20 · Scorpion ×14
Feudal
9:25
Castle
22:43
Imperial
43:50
| APM avg | 57.4 |
| APM peak | 105 |
| eAPM avg | 30.0 |
| Villagers / military | 182 / 963 |
Focus
⚔️ 41.0% · 🌾 59.0%
Kona ×610 · Petard ×203 · Skirmisher ×115 · Archer ×18 · Trebuchet (Packed) ×13 · Unknown (2550) ×10
Feudal
10:09
Castle
21:28
Imperial
45:14
| APM avg | 70.3 |
| APM peak | 120 |
| eAPM avg | 51.7 |
| Villagers / military | 328 / 977 |
Focus
⚔️ 59.8% · 🌾 40.2%
Jaguar Warrior ×371 · Spearman ×283 · Skirmisher ×169 · Archer ×84 · Trebuchet (Packed) ×32 · Monk ×21
Match map
Initial resources + every placement click. Lines = walls · curves = elevation contours. ◆ gold · ⬟ stone · ● berries · ✦ relic · ◌ wall gap
Your base· ✓ Closed at 27:42 · 28t walls · 1 gate(s)
VN_KoNFeR's base· ✓ Closed at 22:23 · 23t walls · 2 gate(s)
VN_DarK_KnighT_'s base· Open — 12t gap
TAG_Sitaux's base· Open — unwalled flank
Smoothed initial terrain · ◌ = detected wall gap · hover for details
Inputs per minute
— TAG_Smiley - - VN_KoNFeR
Build order — TAG_Smiley
First 150 of 963 actions detected
| 0:00 | Create | Villager (Male) |
| 0:00 | Create | Villager (Male) |
| 0:01 | Create | Villager (Male) |
| 0:02 | Build | House |
| 0:03 | Build | House |
| 0:05 | Create | Villager (Male) |
| 0:05 | Create | Villager (Male) |
| 1:23 | Create | Villager (Male) |
| 2:00 | Create | Villager (Male) |
| 2:00 | Create | Villager (Male) |
| 2:13 | Build | Lumber Camp |
| 2:32 | Create | Villager (Male) |
| 2:32 | Create | Villager (Male) |
| 2:57 | Create | Villager (Male) |
| 3:19 | Create | Villager (Male) |
| 3:29 | Build | House |
| 3:30 | Build | House |
| 3:38 | Build | House |
| 3:41 | Create | Villager (Male) |
| 3:41 | Create | Villager (Male) |
| 5:01 | Create | Villager (Male) |
| 5:02 | Create | Villager (Male) |
| 5:02 | Create | Villager (Male) |
| 5:05 | Build | Mining Camp |
| 5:36 | Create | Villager (Male) |
| 5:38 | Research | Loom |
| 5:38 | Research | Loom |
| 6:46 | Build | Barracks |
| 7:02 | Research | Feudal Age |
| 7:41 | Create | Militia |
| 7:42 | Create | Militia |
| 8:17 | Create | Militia |
| 8:43 | Build | House |
| 8:50 | Create | Militia |
| 9:03 | Create | Villager (Male) |
| 9:17 | Age | Feudal Age |
| 9:19 | Build | Blacksmith |
| 9:20 | Research | Man-at-Arms (upgrade) |
| 9:36 | Build | Outpost |
| 9:39 | Build | Mill |
| 9:47 | Create | Villager (Male) |
| 9:50 | Research | Double-Bit Axe |
| 10:26 | Create | Villager (Male) |
| 10:50 | Build | Farm |
| 10:50 | Build | Farm |
| 10:50 | Build | Farm |
| 10:51 | Build | Farm |
| 10:51 | Build | Farm |
| 10:54 | Build | House |
| 10:55 | Create | Villager (Male) |
| 10:57 | Build | House |
| 10:57 | Build | House |
| 10:59 | Build | Palisade Wall |
| 11:14 | Build | Watch Tower |
| 11:27 | Create | Villager (Male) |
| 11:51 | Create | Villager (Male) |
| 12:05 | Create | Villager (Male) |
| 12:28 | Create | Villager (Male) |
| 12:33 | Build | Archery Range |
| 12:37 | Build | House |
| 12:43 | Build | House |
| 12:45 | Build | House |
| 12:49 | Build | House |
| 12:52 | Build | House |
| 12:53 | Build | Palisade Wall |
| 12:54 | Build | Palisade Wall |
| 13:06 | Create | Villager (Male) |
| 13:12 | Build | House |
| 13:24 | Create | Skirmisher |
| 13:24 | Create | Skirmisher |
| 13:34 | Create | Skirmisher |
| 13:34 | Create | Skirmisher |
| 13:48 | Create | Skirmisher |
| 13:54 | Create | Archer |
| 14:14 | Build | House |
| 14:18 | Create | Spearman |
| 14:55 | Create | Villager (Male) |
| 15:40 | Create | Villager (Male) |
| 15:56 | Build | House |
| 15:59 | Build | House |
| 16:11 | Create | Archer |
| 16:11 | Create | Archer |
| 16:12 | Create | Archer |
| 16:21 | Build | Mining Camp |
| 16:23 | Create | Villager (Male) |
| 16:29 | Build | Farm |
| 16:29 | Build | Farm |
| 16:30 | Build | Farm |
| 16:30 | Build | Farm |
| 16:30 | Build | Farm |
| 16:32 | Create | Archer |
| 16:32 | Create | Archer |
| 16:33 | Create | Archer |
| 16:41 | Build | House |
| 16:48 | Create | Villager (Male) |
| 16:50 | Build | House |
| 16:51 | Build | House |
| 16:53 | Build | House |
| 16:56 | Build | House |
| 16:59 | Create | Archer |
| 17:08 | Build | Farm |
| 17:22 | Build | Market |
| 17:27 | Create | Villager (Male) |
| 17:39 | Create | Skirmisher |
| 17:39 | Create | Archer |
| 17:59 | Create | Skirmisher |
| 18:06 | Create | Villager (Male) |
| 18:36 | Build | House |
| 18:42 | Create | Skirmisher |
| 18:42 | Create | Archer |
| 18:42 | Create | Skirmisher |
| 18:43 | Create | Archer |
| 18:54 | Create | Archer |
| 18:54 | Create | Skirmisher |
| 18:54 | Create | Archer |
| 18:55 | Create | Villager (Male) |
| 19:01 | Build | House |
| 19:04 | Build | Palisade Gate |
| 19:17 | Build | Watch Tower |
| 19:21 | Create | Villager (Male) |
| 19:26 | Create | Villager (Male) |
| 19:26 | Create | Villager (Male) |
| 19:29 | Build | House |
| 19:34 | Research | Fletching |
| 19:43 | Build | House |
| 19:44 | Build | Palisade Wall |
| 19:46 | Create | Villager (Male) |
| 20:21 | Build | Farm |
| 20:26 | Create | Villager (Male) |
| 20:42 | Create | Villager (Male) |
| 21:17 | Build | House |
| 21:19 | Build | Palisade Wall |
| 21:22 | Build | Palisade Wall |
| 21:36 | Research | Horse Collar |
| 21:38 | Build | Lumber Camp |
| 21:43 | Build | Watch Tower |
| 21:50 | Create | Villager (Male) |
| 21:52 | Research | Padded Archer Armor |
| 21:57 | Create | Skirmisher ×3 |
| 22:25 | Create | Villager (Male) |
| 22:36 | Build | Farm |
| 22:37 | Build | Farm |
| 22:37 | Build | Farm |
| 22:37 | Build | Farm |
| 22:52 | Create | Villager (Male) |
| 23:06 | Build | Watch Tower |
| 23:20 | Build | Watch Tower |
| 23:42 | Create | Villager (Male) |
| 23:43 | Create | Villager (Male) |
| 23:58 | Create | Villager (Male) |
Build order — VN_KoNFeR
First 150 of 966 actions detected
| 0:02 | Create | Villager (Male) |
| 0:02 | Create | Villager (Male) |
| 0:03 | Build | House |
| 0:04 | Build | House |
| 0:14 | Create | Villager (Male) |
| 0:20 | Create | Villager (Male) |
| 1:33 | Create | Villager (Male) |
| 1:47 | Create | Villager (Male) |
| 1:55 | Build | Lumber Camp |
| 2:31 | Create | Villager (Male) |
| 2:37 | Create | Villager (Male) |
| 2:37 | Create | Villager (Male) |
| 3:23 | Create | Villager (Male) |
| 3:25 | Build | House |
| 3:33 | Create | Villager (Male) |
| 4:04 | Create | Villager (Male) |
| 4:11 | Create | Villager (Male) |
| 4:19 | Create | Villager (Male) |
| 5:00 | Create | Villager (Male) |
| 5:44 | Create | Villager (Male) |
| 5:47 | Create | Villager (Male) |
| 5:50 | Create | Villager (Male) |
| 6:21 | Build | Barracks |
| 6:33 | Build | House |
| 6:43 | Research | Loom |
| 7:10 | Research | Feudal Age |
| 7:22 | Create | Militia |
| 7:25 | Build | House |
| 7:26 | Build | Palisade Wall |
| 7:34 | Build | Mining Camp |
| 7:38 | Create | Militia |
| 8:09 | Create | Villager (Male) |
| 8:33 | Create | Militia |
| 8:43 | Build | Palisade Wall |
| 8:44 | Build | Palisade Wall |
| 8:47 | Build | House |
| 9:20 | Age | Feudal Age |
| 9:25 | Build | Stable |
| 9:27 | Research | Double-Bit Axe |
| 9:36 | Create | Villager (Male) |
| 9:57 | Create | Villager (Male) |
| 9:57 | Create | Villager (Male) |
| 10:13 | Create | Villager (Male) |
| 10:18 | Build | House |
| 10:27 | Create | Scout Cavalry |
| 10:54 | Build | Palisade Gate |
| 10:54 | Build | Palisade Wall |
| 10:57 | Create | Scout Cavalry |
| 11:05 | Build | House |
| 11:09 | Create | Villager (Male) |
| 11:37 | Create | Villager (Male) |
| 11:53 | Build | Mill |
| 11:57 | Build | House |
| 11:57 | Build | Palisade Wall |
| 12:16 | Create | Villager (Male) |
| 12:36 | Build | House |
| 12:38 | Build | Palisade Wall |
| 12:38 | Create | Villager (Male) |
| 12:41 | Build | Watch Tower |
| 13:01 | Build | Farm |
| 13:02 | Build | Farm |
| 13:03 | Build | Farm |
| 13:04 | Build | Farm |
| 13:04 | Build | Farm |
| 13:06 | Create | Villager (Male) |
| 13:08 | Build | Farm |
| 13:22 | Build | Palisade Wall |
| 13:30 | Build | Farm |
| 13:45 | Build | Farm |
| 13:50 | Build | Farm |
| 13:56 | Build | Palisade Wall |
| 13:57 | Build | Palisade Wall |
| 13:57 | Build | Palisade Wall |
| 14:18 | Create | Villager (Male) |
| 14:25 | Build | Stone Wall |
| 14:27 | Build | Stone Wall |
| 14:31 | Build | Palisade Wall |
| 14:41 | Create | Villager (Male) |
| 14:52 | Create | Villager (Male) |
| 15:33 | Create | Villager (Male) |
| 15:34 | Create | Scout Cavalry |
| 15:58 | Create | Villager (Male) |
| 15:59 | Build | Farm |
| 16:03 | Build | Farm |
| 16:20 | Build | Archery Range |
| 16:22 | Build | House |
| 16:24 | Build | House |
| 16:25 | Build | House |
| 16:27 | Create | Villager (Male) |
| 16:49 | Create | Villager (Male) |
| 16:55 | Build | House |
| 17:00 | Build | Lumber Camp |
| 17:07 | Create | Archer |
| 17:09 | Create | Skirmisher |
| 17:14 | Create | Villager (Male) |
| 17:17 | Build | Farm |
| 17:25 | Create | Villager (Male) |
| 17:31 | Build | Blacksmith |
| 17:38 | Create | Skirmisher |
| 17:41 | Build | Farm |
| 17:51 | Create | Villager (Male) |
| 17:53 | Build | Farm |
| 18:04 | Build | Market |
| 18:08 | Build | Farm |
| 18:14 | Build | Farm |
| 18:32 | Build | Outpost |
| 18:34 | Create | Villager (Male) |
| 18:58 | Build | Palisade Gate |
| 19:03 | Create | Villager (Male) |
| 19:09 | Build | Mining Camp |
| 19:12 | Build | Farm |
| 19:18 | Build | Farm |
| 19:38 | Build | Farm |
| 19:43 | Research | Castle Age |
| 20:20 | Build | Farm |
| 20:22 | Research | Bloodlines |
| 20:22 | Research | Bloodlines |
| 20:24 | Build | Stable |
| 20:42 | Build | Lumber Camp |
| 21:17 | Research | Scale Barding Armor |
| 21:24 | Build | Farm |
| 21:35 | Build | House |
| 21:56 | Build | Farm |
| 22:05 | Research | Gold Mining |
| 22:13 | Create | Villager (Male) |
| 22:23 | Age | Castle Age |
| 22:25 | Create | Knight |
| 22:26 | Create | Knight |
| 22:31 | Build | Farm |
| 22:35 | Research | Chain Barding Armor |
| 22:35 | Research | Chain Barding Armor |
| 22:39 | Build | Farm |
| 22:43 | Create | Villager (Male) |
| 22:46 | Create | Knight |
| 22:47 | Create | Knight |
| 23:11 | Create | Knight |
| 23:12 | Create | Villager (Male) |
| 23:13 | Build | Farm |
| 23:16 | Build | Farm |
| 23:19 | Create | Villager (Male) |
| 23:38 | Build | Lumber Camp |
| 23:39 | Create | Villager (Male) |
| 23:42 | Create | Knight |
| 23:42 | Create | Knight |
| 23:55 | Create | Villager (Male) |
| 24:03 | Create | Villager (Male) |
| 24:06 | Research | Husbandry |
| 24:06 | Create | Knight |
| 24:39 | Create | Knight |
| 24:54 | Create | Villager (Male) |
Build order — VN_DarK_KnighT_
First 150 of 748 actions detected
| 0:02 | Create | Villager (Male) |
| 0:03 | Create | Villager (Male) ×3 |
| 0:03 | Build | House |
| 0:04 | Build | House |
| 1:27 | Create | Villager (Male) |
| 1:28 | Create | Villager (Male) |
| 1:48 | Build | Settlement |
| 2:04 | Create | Villager (Male) |
| 2:04 | Create | Villager (Male) |
| 2:12 | Create | Villager (Male) |
| 2:12 | Create | Villager (Male) |
| 2:43 | Create | Villager (Male) |
| 2:43 | Create | Villager (Male) |
| 3:08 | Create | Villager (Male) |
| 3:41 | Create | Villager (Male) |
| 3:41 | Create | Villager (Male) |
| 4:04 | Create | Villager (Male) |
| 4:04 | Create | Villager (Male) |
| 4:32 | Create | Villager (Male) |
| 4:33 | Create | Villager (Male) |
| 4:33 | Create | Villager (Male) |
| 5:01 | Build | Barracks |
| 5:05 | Create | Villager (Male) |
| 5:09 | Build | Palisade Wall |
| 5:37 | Research | Loom |
| 5:54 | Create | Villager (Male) |
| 5:55 | Create | Villager (Male) |
| 6:41 | Research | Loom |
| 6:47 | Build | Palisade Wall |
| 6:48 | Build | House |
| 7:11 | Build | Palisade Wall |
| 7:15 | Research | Feudal Age |
| 7:40 | Create | Unit 2550 |
| 7:40 | Create | Unit 2550 |
| 7:53 | Build | Settlement |
| 8:21 | Build | House |
| 8:22 | Build | Palisade Wall |
| 9:02 | Create | Unit 2550 |
| 9:23 | Build | Palisade Wall |
| 9:25 | Age | Feudal Age |
| 9:28 | Create | Villager (Male) |
| 9:30 | Research | Double-Bit Axe |
| 9:40 | Build | Archery Range |
| 9:52 | Build | Palisade Wall |
| 9:55 | Build | Palisade Wall |
| 9:58 | Build | Palisade Wall |
| 10:01 | Research | Tech 1402 |
| 10:02 | Create | Villager (Male) |
| 10:19 | Build | Palisade Wall |
| 10:21 | Build | Palisade Wall |
| 10:25 | Create | Villager (Male) ×3 |
| 10:28 | Build | Palisade Wall |
| 10:31 | Create | Unit 2550 |
| 10:34 | Build | Palisade Wall |
| 11:03 | Create | Archer |
| 11:27 | Create | Archer |
| 11:33 | Create | Villager (Male) |
| 11:44 | Create | Archer |
| 11:45 | Create | Villager (Male) |
| 11:54 | Create | Villager (Male) |
| 12:03 | Create | Archer |
| 12:06 | Build | Blacksmith |
| 12:08 | Build | House |
| 12:17 | Build | Farm |
| 12:17 | Build | Farm |
| 12:30 | Create | Archer |
| 12:42 | Create | Archer |
| 12:46 | Create | Villager (Male) |
| 13:01 | Build | Farm |
| 13:02 | Build | Farm |
| 13:08 | Build | House |
| 13:18 | Create | Archer |
| 13:19 | Create | Villager (Male) |
| 13:48 | Build | Farm |
| 13:49 | Create | Villager (Male) |
| 13:50 | Create | Archer |
| 14:01 | Research | Fletching |
| 14:10 | Build | Farm |
| 14:12 | Build | Farm |
| 14:31 | Create | Villager (Male) |
| 14:32 | Create | Archer |
| 14:37 | Build | House |
| 14:41 | Create | Archer |
| 14:58 | Create | Villager (Male) |
| 15:04 | Build | Market |
| 15:28 | Create | Villager (Male) |
| 15:29 | Create | Archer |
| 15:34 | Create | Villager (Male) |
| 15:53 | Create | Archer |
| 16:01 | Build | Farm |
| 16:18 | Create | Villager (Male) |
| 16:23 | Create | Unit 2550 |
| 16:24 | Create | Unit 2550 |
| 16:27 | Build | Farm |
| 16:44 | Build | Farm |
| 16:47 | Build | Farm |
| 16:49 | Research | Wheelbarrow |
| 17:03 | Build | Farm |
| 17:43 | Create | Archer |
| 17:57 | Create | Villager (Male) |
| 18:22 | Create | Unit 2550 |
| 18:22 | Create | Unit 2550 |
| 18:23 | Create | Skirmisher |
| 18:23 | Create | Skirmisher |
| 19:04 | Create | Unit 2550 |
| 19:05 | Create | Villager (Male) ×5 |
| 19:25 | Create | Skirmisher |
| 19:29 | Build | Farm |
| 19:37 | Build | House |
| 20:03 | Research | Castle Age |
| 20:18 | Create | Unit 2550 |
| 20:28 | Build | House |
| 20:29 | Build | House |
| 20:35 | Research | Forging |
| 20:35 | Research | Forging |
| 20:48 | Create | Skirmisher |
| 20:49 | Create | Skirmisher |
| 21:05 | Build | Farm |
| 21:09 | Build | Farm |
| 21:14 | Research | Scale Mail Armor |
| 21:27 | Build | Palisade Wall |
| 21:30 | Build | Palisade Wall |
| 21:44 | Create | Skirmisher |
| 22:43 | Age | Castle Age |
| 22:45 | Build | Castle |
| 22:50 | Create | Villager (Male) |
| 23:04 | Build | Farm |
| 23:06 | Build | Farm |
| 23:26 | Build | Settlement |
| 23:33 | Create | Villager (Male) |
| 23:34 | Create | Kona |
| 23:35 | Create | Kona |
| 23:35 | Create | Kona |
| 23:35 | Create | Kona |
| 23:58 | Create | Villager (Male) |
| 24:11 | Create | Villager (Male) |
| 24:18 | Build | Farm |
| 24:20 | Build | Farm |
| 24:28 | Create | Kona |
| 24:29 | Create | Kona |
| 24:31 | Create | Villager (Male) |
| 24:43 | Build | Settlement |
| 24:54 | Create | Kona |
| 24:57 | Create | Kona |
| 25:17 | Create | Kona |
| 25:22 | Create | Villager (Male) ×3 |
| 25:38 | Build | Monastery |
| 25:42 | Create | Kona |
| 25:42 | Create | Kona |
| 25:48 | Build | Farm |
Build order — TAG_Sitaux
First 150 of 1783 actions detected
| 0:01 | Create | Villager (Male) |
| 0:01 | Create | Villager (Male) |
| 0:02 | Build | House |
| 0:03 | Build | House |
| 0:18 | Create | Villager (Male) |
| 0:18 | Create | Villager (Male) |
| 1:24 | Create | Villager (Male) |
| 1:45 | Create | Villager (Male) |
| 1:55 | Build | Lumber Camp |
| 2:12 | Create | Villager (Male) |
| 2:40 | Create | Villager (Male) |
| 2:41 | Create | Villager (Male) |
| 3:12 | Create | Villager (Male) |
| 3:49 | Create | Villager (Male) |
| 3:51 | Build | Dock |
| 4:02 | Create | Villager (Male) |
| 4:20 | Create | Villager (Male) |
| 4:39 | Create | Fishing Ship |
| 4:40 | Create | Fishing Ship |
| 4:42 | Build | Palisade Wall |
| 4:43 | Build | Palisade Wall |
| 4:47 | Create | Villager (Male) |
| 5:14 | Build | House |
| 5:22 | Create | Villager (Male) |
| 5:28 | Create | Fishing Ship |
| 5:34 | Create | Villager (Male) |
| 6:01 | Create | Fishing Ship |
| 6:05 | Create | Villager (Male) |
| 6:25 | Build | House |
| 6:35 | Create | Villager (Male) |
| 6:50 | Create | Fishing Ship |
| 7:02 | Create | Villager (Male) |
| 7:26 | Research | Loom |
| 7:26 | Research | Loom |
| 7:46 | Build | Barracks |
| 7:56 | Research | Feudal Age |
| 7:56 | Research | Feudal Age |
| 8:25 | Create | Militia |
| 8:25 | Create | Militia |
| 8:34 | Build | House |
| 8:41 | Create | Fishing Ship |
| 8:49 | Create | Militia |
| 8:52 | Build | Lumber Camp |
| 9:00 | Build | Mining Camp |
| 9:02 | Create | Militia |
| 9:13 | Create | Militia |
| 9:17 | Build | House |
| 9:49 | Build | House |
| 9:50 | Build | House |
| 9:53 | Build | Palisade Wall |
| 10:09 | Age | Feudal Age |
| 10:11 | Research | Man-at-Arms (upgrade) |
| 10:11 | Research | Man-at-Arms (upgrade) |
| 10:12 | Create | Villager (Male) |
| 10:13 | Build | Archery Range |
| 10:16 | Build | Palisade Wall |
| 10:17 | Build | Palisade Wall |
| 10:18 | Build | Palisade Wall |
| 10:20 | Build | Palisade Wall |
| 10:21 | Build | House |
| 10:24 | Build | Palisade Wall |
| 10:27 | Build | Palisade Wall |
| 10:29 | Create | Villager (Male) |
| 10:30 | Build | Palisade Wall |
| 10:31 | Build | Palisade Wall |
| 10:33 | Build | Palisade Wall |
| 10:38 | Build | House |
| 10:57 | Build | House |
| 11:02 | Create | Villager (Male) |
| 11:14 | Research | Double-Bit Axe |
| 11:14 | Create | Archer |
| 11:22 | Create | Villager (Male) |
| 11:26 | Build | House |
| 11:28 | Build | Palisade Wall |
| 11:32 | Create | Villager (Male) |
| 11:36 | Create | Archer |
| 11:54 | Create | Spearman |
| 12:00 | Build | Watch Tower |
| 12:02 | Build | Palisade Wall |
| 12:03 | Build | Palisade Wall |
| 12:06 | Build | House |
| 12:09 | Build | Palisade Wall |
| 12:13 | Create | Spearman |
| 12:14 | Create | Archer |
| 12:23 | Create | Villager (Male) |
| 12:23 | Create | Villager (Male) |
| 12:39 | Create | Archer |
| 12:43 | Build | Palisade Wall |
| 12:50 | Create | Villager (Male) |
| 12:55 | Create | Spearman |
| 13:19 | Create | Villager (Male) |
| 13:21 | Build | Mill |
| 13:30 | Create | Archer |
| 13:32 | Build | Palisade Wall |
| 13:33 | Build | Palisade Wall |
| 13:37 | Create | Villager (Male) |
| 13:37 | Create | Villager (Male) |
| 13:39 | Build | Palisade Wall |
| 13:47 | Create | Archer |
| 14:06 | Create | Villager (Male) |
| 14:08 | Create | Archer |
| 14:13 | Build | Farm |
| 14:14 | Build | Farm |
| 14:15 | Research | Arson |
| 14:15 | Research | Arson |
| 14:28 | Build | Farm |
| 14:32 | Create | Villager (Male) |
| 14:39 | Build | Farm |
| 14:40 | Build | Farm |
| 14:42 | Build | Farm |
| 14:43 | Build | Farm |
| 14:45 | Build | Palisade Wall |
| 14:47 | Create | Archer |
| 15:07 | Create | Villager (Male) |
| 15:08 | Build | Farm |
| 15:09 | Build | Farm |
| 15:13 | Build | Farm |
| 15:13 | Build | Farm |
| 15:21 | Create | Villager (Male) |
| 15:22 | Build | Blacksmith |
| 15:24 | Create | Archer |
| 15:43 | Create | Archer |
| 15:47 | Create | Villager (Male) |
| 15:54 | Build | Farm |
| 15:55 | Create | Archer |
| 16:05 | Build | Farm |
| 16:09 | Research | Fletching |
| 16:20 | Create | Villager (Male) |
| 16:36 | Create | Villager (Male) |
| 17:02 | Create | Archer |
| 17:05 | Create | Villager (Male) |
| 17:07 | Build | Dock |
| 17:30 | Create | Archer |
| 17:39 | Create | Villager (Male) |
| 17:47 | Create | Archer |
| 17:58 | Build | Stone Wall |
| 18:01 | Build | Farm |
| 18:01 | Create | Villager (Male) |
| 18:07 | Create | Archer |
| 18:28 | Create | Archer |
| 18:31 | Build | Archery Range |
| 18:48 | Research | Castle Age |
| 18:53 | Create | Archer |
| 19:04 | Create | Archer |
| 19:14 | Build | House |
| 19:17 | Create | Archer |
| 19:19 | Create | Archer |
| 19:21 | Research | Horse Collar |
| 19:33 | Build | House |
| 19:34 | Build | House |
Match timeline
| 3:51 | TAG_Sitaux · first_building Dock |
| 4:42 | TAG_Sitaux · wall_segment Palisade Wall x1 |
| 4:43 | TAG_Sitaux · wall_segment Palisade Wall x1 |
| 5:01 | VN_DarK_KnighT_ · first_building Barracks |
| 5:09 | VN_DarK_KnighT_ · wall_segment Palisade Wall x1 |
| 6:21 | VN_KoNFeR · first_building Barracks |
| 6:46 | TAG_Smiley · first_building Barracks |
| 6:47 | VN_DarK_KnighT_ · wall_segment Palisade Wall x1 |
| 7:11 | VN_DarK_KnighT_ · wall_segment Palisade Wall x4 |
| 7:26 | VN_KoNFeR · wall_segment Palisade Wall x1 |
| 7:46 | TAG_Sitaux · first_building Barracks |
| 8:22 | VN_DarK_KnighT_ · wall_segment Palisade Wall x2 |
| 8:43 | VN_KoNFeR · wall_segment Palisade Wall x1 |
| 8:44 | VN_KoNFeR · wall_segment Palisade Wall x2 |
| 9:17 | TAG_Smiley · age_up feudal |
| 9:20 | VN_KoNFeR · age_up feudal |
| 9:23 | VN_DarK_KnighT_ · wall_segment Palisade Wall x1 |
| 9:25 | VN_DarK_KnighT_ · age_up feudal |
| 9:25 | VN_KoNFeR · first_building Stable |
| 9:40 | VN_DarK_KnighT_ · first_building Archery Range |
| 9:52 | VN_DarK_KnighT_ · wall_segment Palisade Wall x1 |
| 9:53 | TAG_Sitaux · wall_segment Palisade Wall x3 |
| 9:55 | VN_DarK_KnighT_ · wall_segment Palisade Wall x1 |
| 9:58 | VN_DarK_KnighT_ · wall_segment Palisade Wall x1 |
| 10:09 | TAG_Sitaux · age_up feudal |
| 10:13 | TAG_Sitaux · first_building Archery Range |
| 10:16 | TAG_Sitaux · wall_segment Palisade Wall x1 |
| 10:17 | TAG_Sitaux · wall_segment Palisade Wall x1 |
| 10:18 | TAG_Sitaux · wall_segment Palisade Wall x1 |
| 10:19 | VN_DarK_KnighT_ · wall_segment Palisade Wall x1 |
| 10:20 | TAG_Sitaux · wall_segment Palisade Wall x1 |
| 10:21 | VN_DarK_KnighT_ · wall_segment Palisade Wall x1 |
| 10:24 | TAG_Sitaux · wall_segment Palisade Wall x1 |
| 10:27 | TAG_Sitaux · wall_segment Palisade Wall x1 |
| 10:28 | VN_DarK_KnighT_ · wall_segment Palisade Wall x1 |
| 10:30 | TAG_Sitaux · wall_segment Palisade Wall x1 |
| 10:31 | TAG_Sitaux · wall_segment Palisade Wall x1 |
| 10:33 | TAG_Sitaux · wall_segment Palisade Wall x1 |
| 10:34 | VN_DarK_KnighT_ · wall_segment Palisade Wall x1 |
| 10:54 | VN_KoNFeR · wall_segment Palisade Wall x1 |
| 10:59 | TAG_Smiley · wall_segment Palisade Wall x3 |
| 11:28 | TAG_Sitaux · wall_segment Palisade Wall x1 |
| 11:57 | VN_KoNFeR · wall_segment Palisade Wall x1 |
| 12:02 | TAG_Sitaux · wall_segment Palisade Wall x1 |
| 12:03 | TAG_Sitaux · wall_segment Palisade Wall x1 |
| 12:09 | TAG_Sitaux · wall_segment Palisade Wall x1 |
| 12:33 | TAG_Smiley · first_building Archery Range |
| 12:38 | VN_KoNFeR · wall_segment Palisade Wall x1 |
| 12:43 | TAG_Sitaux · wall_segment Palisade Wall x1 |
| 12:53 | TAG_Smiley · wall_segment Palisade Wall x1 |
| 12:54 | TAG_Smiley · wall_segment Palisade Wall x1 |
| 13:22 | VN_KoNFeR · wall_segment Palisade Wall x10 |
| 13:32 | TAG_Sitaux · wall_segment Palisade Wall x1 |
| 13:33 | TAG_Sitaux · wall_segment Palisade Wall x1 |
| 13:39 | TAG_Sitaux · wall_segment Palisade Wall x1 |
| 13:56 | VN_KoNFeR · wall_segment Palisade Wall x1 |
| 13:57 | VN_KoNFeR · wall_segment Palisade Wall x1 |
| 13:57 | VN_KoNFeR · wall_segment Palisade Wall x1 |
| 14:25 | VN_KoNFeR · wall_segment Stone Wall x1 |
| 14:27 | VN_KoNFeR · wall_segment Stone Wall x1 |
| 14:31 | VN_KoNFeR · wall_segment Palisade Wall x1 |
| 14:45 | TAG_Sitaux · wall_segment Palisade Wall x1 |
| 16:14 | VN_DarK_KnighT_ · first_market_buy 100 food |
| 16:15 | VN_DarK_KnighT_ · first_market_sell 100 wood |
| 16:20 | VN_KoNFeR · first_building Archery Range |
| 17:58 | TAG_Sitaux · wall_segment Stone Wall x1 |
| 19:03 | VN_KoNFeR · first_market_buy 100 food |
| 19:36 | TAG_Sitaux · wall_segment Stone Wall x1 |
| 19:44 | TAG_Smiley · wall_segment Palisade Wall x6 |
| 19:57 | TAG_Sitaux · wall_segment Palisade Wall x1 |
| 19:57 | TAG_Sitaux · wall_segment Palisade Wall x1 |
| 20:16 | TAG_Sitaux · wall_segment Palisade Wall x1 |
| 20:18 | TAG_Sitaux · wall_segment Palisade Wall x7 |
| 20:27 | TAG_Sitaux · wall_segment Palisade Wall x4 |
| 20:29 | TAG_Sitaux · wall_segment Palisade Wall x5 |
| 20:30 | TAG_Sitaux · wall_segment Palisade Wall x1 |
| 21:19 | TAG_Smiley · wall_segment Palisade Wall x4 |
| 21:22 | TAG_Smiley · wall_segment Palisade Wall x10 |
| 21:27 | VN_DarK_KnighT_ · wall_segment Palisade Wall x1 |
| 21:28 | TAG_Sitaux · age_up castle |
| 21:30 | VN_DarK_KnighT_ · wall_segment Palisade Wall x1 |
| 22:05 | TAG_Sitaux · wall_segment Palisade Wall x1 |
| 22:23 | VN_KoNFeR · age_up castle |
| 22:43 | VN_DarK_KnighT_ · age_up castle |
| 22:45 | VN_DarK_KnighT_ · first_building Castle |
| 24:08 | TAG_Sitaux · first_building Monastery |
| 24:17 | TAG_Sitaux · wall_segment Palisade Wall x1 |
| 24:19 | TAG_Sitaux · wall_segment Palisade Wall x1 |
| 24:21 | TAG_Sitaux · wall_segment Palisade Wall x1 |
| 24:22 | TAG_Sitaux · wall_segment Palisade Wall x1 |
| 24:42 | TAG_Sitaux · wall_segment Palisade Wall x1 |
| 24:50 | TAG_Smiley · first_market_sell 100 wood |
| 24:51 | TAG_Smiley · first_market_buy 100 food |
| 25:24 | TAG_Sitaux · wall_segment Palisade Wall x1 |
| 25:38 | VN_DarK_KnighT_ · first_building Monastery |
| 25:54 | TAG_Sitaux · wall_segment Palisade Wall x1 |
| 25:58 | TAG_Sitaux · first_market_buy 100 stone |
| 26:20 | TAG_Sitaux · first_market_sell 100 food |
| 27:07 | TAG_Sitaux · wall_segment Palisade Wall x1 |
| 27:20 | TAG_Smiley · wall_segment Palisade Wall x1 |
| 27:21 | TAG_Smiley · wall_segment Palisade Wall x1 |
| 27:22 | TAG_Smiley · wall_segment Palisade Wall x1 |
| 27:42 | TAG_Smiley · age_up castle |
| 28:32 | TAG_Sitaux · wall_segment Palisade Wall x1 |
| 28:34 | TAG_Sitaux · wall_segment Palisade Wall x1 |
| 28:37 | TAG_Smiley · wall_segment Palisade Wall x1 |
| 28:42 | TAG_Smiley · wall_segment Palisade Wall x1 |
| 29:22 | TAG_Sitaux · wall_segment Palisade Wall x1 |
| 29:22 | TAG_Sitaux · wall_segment Palisade Wall x1 |
| 29:26 | TAG_Sitaux · wall_segment Palisade Wall x1 |
| 29:31 | TAG_Sitaux · wall_segment Palisade Wall x1 |
| 30:08 | VN_KoNFeR · first_building Monastery |
| 31:48 | TAG_Sitaux · wall_segment Palisade Wall x1 |
| 31:49 | TAG_Sitaux · wall_segment Palisade Wall x1 |
| 31:49 | TAG_Sitaux · wall_segment Palisade Wall x1 |
| 32:19 | TAG_Smiley · first_building Stable |
| 33:06 | TAG_Sitaux · wall_segment Palisade Wall x1 |
| 33:07 | TAG_Sitaux · wall_segment Palisade Wall x1 |
| 33:10 | TAG_Sitaux · wall_segment Palisade Wall x1 |
| 35:17 | VN_KoNFeR · first_building Siege Workshop |
| 37:18 | TAG_Smiley · first_building Castle |
| 37:41 | TAG_Sitaux · wall_segment Stone Wall x18 |
| 37:44 | TAG_Sitaux · wall_segment Stone Wall x9 |
| 38:20 | TAG_Smiley · wall_segment Stone Wall x1 |
| 38:58 | TAG_Sitaux · first_building Castle |
| 40:16 | VN_KoNFeR · first_building Krepost |
| 40:42 | TAG_Sitaux · wall_segment Palisade Wall x1 |
| 42:41 | VN_KoNFeR · first_market_sell 100 stone |
| 43:50 | VN_DarK_KnighT_ · age_up imperial |
| 44:08 | TAG_Smiley · wall_segment Palisade Wall x1 |
| 45:14 | TAG_Sitaux · age_up imperial |
| 45:38 | TAG_Sitaux · wall_segment Palisade Wall x1 |
| 45:44 | TAG_Sitaux · wall_segment Palisade Wall x1 |
| 45:46 | TAG_Sitaux · wall_segment Palisade Wall x1 |
| 45:47 | TAG_Sitaux · wall_segment Palisade Wall x1 |
| 45:47 | TAG_Sitaux · wall_segment Palisade Wall x1 |
| 45:49 | TAG_Sitaux · wall_segment Palisade Wall x1 |
| 45:49 | TAG_Sitaux · wall_segment Palisade Wall x1 |
| 45:52 | TAG_Sitaux · wall_segment Palisade Wall x1 |
| 45:53 | TAG_Sitaux · wall_segment Palisade Wall x1 |
| 45:57 | TAG_Sitaux · wall_segment Palisade Wall x1 |
| 47:04 | TAG_Smiley · wall_segment Palisade Wall x1 |
| 48:10 | VN_KoNFeR · age_up imperial |
| 48:25 | VN_KoNFeR · first_building Castle |
| 50:34 | TAG_Sitaux · wall_segment Palisade Wall x1 |
| 57:21 | TAG_Smiley · wall_segment Stone Wall x1 |
| 57:23 | TAG_Smiley · wall_segment Stone Wall x1 |
| 58:33 | VN_DarK_KnighT_ · tribute_sent a jugador 1 |
| 58:33 | VN_DarK_KnighT_ · tribute_sent a jugador 2 |
| 58:33 | VN_DarK_KnighT_ · tribute_sent a jugador 4 |
| 60:16 | TAG_Sitaux · first_building Siege Workshop |
| 60:51 | TAG_Sitaux · wall_segment Stone Wall x8 |
| 60:54 | VN_KoNFeR · wall_segment Stone Wall x1 |
| 61:06 | TAG_Sitaux · wall_segment Stone Wall x1 |
| 61:10 | TAG_Sitaux · wall_segment Stone Wall x1 |
| 61:14 | VN_DarK_KnighT_ · tribute_sent a jugador 1 |
| 61:14 | VN_DarK_KnighT_ · tribute_sent a jugador 2 |
| 61:14 | VN_DarK_KnighT_ · tribute_sent a jugador 4 |
| 61:17 | VN_KoNFeR · wall_segment Stone Wall x1 |
| 61:17 | TAG_Sitaux · wall_segment Palisade Wall x1 |
| 61:20 | TAG_Sitaux · wall_segment Palisade Wall x1 |
| 62:42 | VN_DarK_KnighT_ · tribute_sent a jugador 1 |
| 62:42 | VN_DarK_KnighT_ · tribute_sent a jugador 2 |
| 62:42 | VN_DarK_KnighT_ · tribute_sent a jugador 4 |
| 63:31 | VN_KoNFeR · wall_segment Stone Wall x1 |
| 63:48 | VN_DarK_KnighT_ · tribute_sent a jugador 1 |
| 63:48 | VN_DarK_KnighT_ · tribute_sent a jugador 2 |
| 63:48 | VN_DarK_KnighT_ · tribute_sent a jugador 4 |
| 64:32 | VN_DarK_KnighT_ · tribute_sent a jugador 1 |
| 64:32 | VN_DarK_KnighT_ · tribute_sent a jugador 2 |
| 64:32 | VN_DarK_KnighT_ · tribute_sent a jugador 4 |
| 65:11 | VN_KoNFeR · wall_segment Stone Wall x1 |
| 65:33 | TAG_Smiley · wall_segment Stone Wall x1 |
| 65:40 | TAG_Smiley · wall_segment Stone Wall x1 |
| 68:19 | TAG_Smiley · wall_segment Stone Wall x1 |
| 70:13 | VN_KoNFeR · tribute_sent a jugador 2 |
| 70:13 | VN_KoNFeR · tribute_sent a jugador 3 |
| 70:13 | VN_KoNFeR · tribute_sent a jugador 4 |
| 74:16 | TAG_Sitaux · wall_segment Stone Wall x1 |
| 74:24 | TAG_Sitaux · wall_segment Stone Wall x1 |
| 74:30 | TAG_Sitaux · wall_segment Palisade Wall x1 |
| 75:21 | TAG_Smiley · tribute_sent a jugador 1 |
| 75:21 | TAG_Smiley · tribute_sent a jugador 3 |
| 75:21 | TAG_Smiley · tribute_sent a jugador 4 |
| 76:27 | TAG_Smiley · age_up imperial |
| 79:25 | TAG_Sitaux · wall_segment Palisade Wall x1 |
| 79:50 | TAG_Sitaux · wall_segment Stone Wall x1 |
| 80:04 | TAG_Sitaux · wall_segment Palisade Wall x1 |
| 80:09 | TAG_Sitaux · wall_segment Palisade Wall x1 |
| 81:46 | TAG_Sitaux · wall_segment Palisade Wall x1 |
| 83:37 | TAG_Sitaux · resign |
[ AI ANALYSIS · 1 CREDIT ]
What really happened in this match?
Wolo.gg analyzes every decision: build order, eco, micro, common mistakes by bracket. Personalized analysis on WhatsApp or Discord in 30 seconds.
Civ guide
Dravidians
Perfil
Jugador #18004412